 Dungeon Crawl Stone Soup version 0.28-a0-622-gbaef9634d7 (webtiles) character file.

Game seed: 2809488909269911886

7184 Iscandelvey the Magician (level 10, -18/65 HPs)
             Began as a Demonspawn Arcane Marksman on Oct 7, 2021.
             Was a Follower of Vehumet.
             Demolished by a two-headed ogre (27 damage)
             ... on level 9 of the Dungeon.
             The game lasted 02:06:13 (16461 turns).

Iscandelvey the Magician (DsAM)                    Turns: 16461, Time: 02:06:13

Health: -18/65     AC:  4    Str: 12    XL:     10   Next: 86%
Magic:  12/20      EV: 13    Int: 23    God:    Vehumet [*.....]
Gold:   340        SH:  0    Dex: 13    Spells: 10/23 levels left

rFire   . . .      SeeInvis .   A - +2 mace (protect)
rCold   . . .      Faith    .   (no shield)
rNeg    . . .      Spirit   .   v - +0 leather armour
rPois   .          Reflect  .   h - +0 helmet
rElec   .          Harm     .   (no cloak)
rCorr   .          Rampage  .   (gloves unavailable)
Will    .....                   (no boots)
Stlth   +++.......              (no amulet)
HPRegen 0.20/turn               w - +6 ring of intelligence
MPRegen 0.17/turn               (no ring)

@: no status effects
A: demonic guardian 3, powered by death 1, demonic touch 3
a: Renounce Religion


You were on level 9 of the Dungeon.
You worshipped Vehumet.
Vehumet was aware of your devotion.
You visited 2 branches of the dungeon, and saw 10 of its levels.

You collected 379 gold pieces.
You spent 39 gold pieces at shops.

Inventory:

Hand Weapons
 a - a +0 hunting sling
 i - a +0 fustibalus
 m - a +3 dagger
 n - a +0 halberd
 A - a +2 mace of protection (weapon)
 F - a +2 scimitar of electrocution
Missiles
 c - 80 sling bullets
 e - 221 stones
 p - 111 arrows
 r - 18 poisoned darts (quivered)
 I - a throwing net
Armour
 h - a +0 helmet (worn)
 v - a +0 leather armour (worn)
 H - a +0 buckler
Jewellery
 w - a +6 ring of intelligence (left hand)
Wands
 x - a wand of iceblast (6)
 C - a wand of polymorph (14)
Scrolls
 b - a scroll of vulnerability
 f - a scroll of summoning {unknown}
 k - 5 scrolls of enchant armour
 o - a scroll of magic mapping {unknown}
 q - 5 scrolls of teleportation
 u - a scroll of brand weapon
 y - 2 scrolls of immolation
 B - a scroll of amnesia
 E - a scroll of blinking {unknown}
 G - a scroll of identify
Potions
 d - 2 potions of might {unknown}
 g - 4 potions of invisibility
 j - 4 potions of heal wounds
 l - 3 potions of flight
 s - 2 potions of haste
 t - 2 potions of lignification
 z - 2 potions of mutation
 D - 2 potions of brilliance


   Skills:
 - Level 1.0 Fighting
 - Level 2.0(3.2) Slings
 - Level 3.7(4.0) Throwing
 + Level 5.0 Armour
 + Level 5.5 Dodging
 + Level 5.5 Stealth
 + Level 4.8 Shields
 * Level 7.3 Spellcasting
 - Level 6.0 Hexes
 * Level 5.9 Fire Magic


You had 10 spell levels left.
You knew the following spells:

 Your Spells              Type           Power      Damage    Failure   Level
a - Slow                  Hex            35%        N/A       1%          2
b - Inner Flame           Hex/Fire       35%        N/A       2%          3
c - Cause Fear            Hex            17%        N/A       9%          4
d - Sandblast             Erth           16%        2d6       10%         1
e - Summon Guardian Gole  Hex/Summ       22%        N/A       9%          3

Your spell library contained the following spells:

 Spells                   Type           Power      Damage    Failure   Level
 Portal Projectile        Hex/Tloc       44%        N/A       9%          3
 Summon Small Mammal      Summ           32%        N/A       10%         1
 Corpse Rot               Necr/Air       N/A        N/A       14%         2
 Passwall                 Tmut/Erth      6%         N/A       14%         2
 Poisonous Vapours        Pois/Air       16%        N/A       14%         2
 Call Canine Familiar     Summ           8%         N/A       28%         3
 Swiftness                Air            8%         N/A       28%         3
 Leda's Liquefaction      Hex/Erth       11%        N/A       28%         4
 Invisibility             Hex            17%        N/A       77%         6
 Lee's Rapid Deconstruct  Erth           4%         3d6*      95%         5
 Statue Form              Tmut/Erth      5%         N/A       100%        6


Dungeon Overview and Level Annotations

Branches:
Dungeon (9/15)             Temple (1/1) D:5
   Lair: D:8-11         Orc: D:9-12

Altars:
Ashenzari
Cheibriados
Dithmenos
Elyvilon
Fedhas
Gozag
Hepliaklqana
Kikubaaqudgha
Makhleb
Nemelex Xobeh
Okawaru
Qazlal
Ru
Sif Muna
Trog
Uskayaw
Vehumet
Wu Jian
Xom
Yredelemnul
Zin
The Shining One

Shops:
D:2 *   D:4 =   D:5 =   D:8 *:*   D:9 !?

Annotations:
D:5 2 transporters, bmj180's ghost, novice DrCj
D:8 1 runed translucent door, bmj180's ghost, novice DrCj


Innate Abilities, Weirdness & Mutations

A powerful demonic guardian rushes to your aid.
You regenerate a little health from kills.
Your touch may irresistibly damage your foes and sap their willpower.


Message History

t - Shout!
Orders for allies: a - Attack new target. r - Retreat! s - Stop attacking. g - Guard the area. f - Follow me.
Anything else - Cancel.
Gang up on whom?
Press: ? - help, Dir - move target, f - two-headed ogre
Aim: a two-headed ogre, wielding two +0 giant clubs Attack!
The two-headed ogre hits your guardian golem with a +0 giant club! x2
Your guardian golem overheats!
The two-headed ogre hits your guardian golem with a +0 giant club!!
Your guardian golem disappears in a puff of smoke!
Your guardian golem explodes!
The fiery explosion engulfs the two-headed ogre!!
Casting: Summon Guardian Golem (dangerous; 9% risk of failure)
Confirm with . or Enter, or press ? or * to list all spells.
A guardian golem appears, shielding your allies.
The two-headed ogre is engulfed in blazing flames.
What are your orders? t - Shout!
Orders for allies: a - Attack new target. p - Attack previous target. r - Retreat! s - Stop attacking. g - Guard the area. f - Follow me.
Anything else - Cancel.
Gang up on whom?
Press: ? - help, Dir - move target, f/p - two-headed ogre
Aim: a two-headed ogre, wielding two +0 giant clubs (severely wounded, ally target) Attack!
Casting: Summon Guardian Golem (dangerous; 9% risk of failure)
Confirm with . or Enter, or press ? or * to list all spells.
Casting: Cause Fear (dangerous; 9% risk of failure)
Press: ? - help, Dir - look around, f - activate The two-headed ogre resists with almost no effort.
The two-headed ogre hits you with a +0 giant club!!
Ouch! That really hurt!
* * * LOW HITPOINT WARNING * * *
A demonic guardian appears!
The two-headed ogre hits you with a +0 giant club!!
You die...

..........8...∩...8.............
............§§..................
........###.§.§.<............#
........# #.§§...............#
........# ####8..............#
........# ###.............#
........# #9............###
........# #O#####.........(.
........# #@# #...........
..#####.# #3# #.####...... ..#
#.# #.# #.# ...### ..#
#.########.#####.# ...# ###
#............O...# ###
#................#
##################


You could see a two-headed ogre (ally target), a friendly sun demon (summoned)
and a friendly guardian golem (summoned).

Vanquished Creatures
  A hornet (D:7)
  7 yaks
  A wyvern (D:8)
  2 basilisks (D:9)
  Edmund (D:6)
  2 water moccasins
  A sky beast (D:8)
  4 necrophages
  4 black bears
  2 orc warriors (D:7)
  2 ice beasts (D:7)
  An ogre (D:8)
  2 centaurs (D:6)
  A kobold brigand (D:7)
  2 bullfrogs (D:7)
  A gnoll sergeant (D:7)
  2 scorpions (D:7)
  A water moccasin zombie (D:7)
  4 killer bees
  3 wights (D:8)
  2 hounds (D:5)
  5 orc priests
  2 gnoll shamans (D:7)
  2 iguanas
  A bullfrog skeleton (D:5)
  2 centaur skeletons
  4 orc wizards
  A killer bee zombie (D:7)
  2 hound zombies (D:5)
  2 hound skeletons (D:4)
  A howler monkey zombie (D:9)
  Robin (D:3)
  14 gnolls
  A howler monkey skeleton (D:7)
  5 adders
  3 white imps
  A worm (D:2)
  4 dart slugs
  22 orcs
  6 endoplasms
  A giant cockroach (D:1)
  17 goblins
  13 hobgoblins
  2 jackals (D:3)
  18 kobolds
  2 quokkas
  8 ball pythons
  2 bats
  3 frilled lizards
  6 rats
197 creatures vanquished.

Vanquished Creatures (collateral kills)
  A two-headed ogre (D:8)
  Joseph (D:8)
  A shadow (D:8)
  3 yaks
  An ice beast (D:7)
  2 ogres
  3 killer bees (D:8)
  A wight (D:8)
  A hound (D:6)
  2 orc priests
  2 orc wizards
  A scorpion zombie (D:5)
  3 gnolls
  A white imp (D:5)
  4 orcs
27 creatures vanquished.

Vanquished Creatures (others)
  3 fungi (D:8)
  2 plants
5 creatures vanquished.

Grand Total: 229 creatures vanquished

Notes
Turn   | Place    | Note
-------+----------+-------------------------------------------
     0 | D:1      | Iscandelvey the Demonspawn Arcane Marksman began the quest
                  | for the Orb.
     0 | D:1      | Reached XP level 1. HP: 15/15 MP: 2/2
   322 | D:1      | Gained mutation: You regenerate a little health from kills.
                  | [demonic ancestry]
   322 | D:1      | Reached XP level 2. HP: 18/21 MP: 3/3
   337 | D:1      | Learned a level 2 spell: Slow
  1121 | D:1      | Reached XP level 3. HP: 26/26 MP: 4/4
  1619 | D:2      | Reached skill level 1 in Throwing
  1619 | D:2      | Gained mutation: Your touch may inflict minor irresistible
                  | damage on your foes. [demonic ancestry]
  1619 | D:2      | Reached XP level 4. HP: 14/32 MP: 0/6
  2139 | D:2      | Reached skill level 1 in Stealth
  2277 | D:2      | Found Hisat's Assorted Antiques.
  2389 | D:2      | Found a faded altar of an unknown god.
  3325 | D:3      | Reached skill level 2 in Spellcasting
  3340 | D:3      | Reached skill level 1 in Armour
  3368 | D:3      | Noticed Robin
  3421 | D:3      | Killed Robin
  3422 | D:3      | Gained mutation: A weak demonic guardian rushes to your
                  | aid. [demonic ancestry]
  3422 | D:3      | Reached XP level 5. HP: 21/37 MP: 3/8
  4058 | D:4      | Found Futecud's Jewellery Emporium.
  4917 | D:4      | Gained mutation: A demonic guardian rushes to your aid.
                  | [demonic ancestry]
  4917 | D:4      | Reached XP level 6. HP: 31/43 MP: 9/9
  5305 | D:4      | Reached skill level 1 in Shields
  5414 | D:5      | Entered Level 5 of the Dungeon
  5740 | D:5      | Found a staircase to the Ecumenical Temple.
  5992 | D:5      | Gained mutation: Your touch may inflict irresistible damage
                  | on your foes. [demonic ancestry]
  5992 | D:5      | Reached XP level 7. HP: 35/48 MP: 11/11
  6046 | D:5      | Reached skill level 3 in Spellcasting
  6248 | Temple   | Entered the Ecumenical Temple
  6476 | D:5      | Found a transporter.
  6484 | D:5      | Noticed bmj180's ghost (novice DrCj)
  6709 | D:5      | Found a transporter.
  6763 | D:5      | HP: 2/48 [poisoned by a water moccasin]
  7038 | D:5      | Found Yte Dom's Jewellery Emporium.
  7046 | D:5      | Learned a level 3 spell: Inner Flame
  7051 | D:5      | Learned a level 4 spell: Cause Fear
  7092 | D:5      | Reached skill level 5 in Hexes
  7715 | D:5      | Gained mutation: A powerful demonic guardian rushes to your
                  | aid. [demonic ancestry]
  7715 | D:5      | Reached XP level 8. HP: 52/54 MP: 11/13
  8880 | D:5      | Reached skill level 4 in Spellcasting
  9163 | D:6      | Noticed Edmund
  9187 | D:6      | Killed Edmund
  9228 | D:6      | Reached skill level 1 in Fire Magic
  9678 | D:5      | Reached XP level 9. HP: 51/59 MP: 14/16
  9928 | Temple   | Became a worshipper of Vehumet
  9971 | D:6      | Reached skill level 5 in Spellcasting
 11926 | D:7      | Reached skill level 6 in Spellcasting
 12161 | D:7      | Gained mutation: Your touch may irresistibly damage your
                  | foes and sap their willpower. [demonic ancestry]
 12161 | D:7      | Reached XP level 10. HP: 65/65 MP: 2/19
 12329 | D:7      | Reached * piety under Vehumet
 12329 | D:7      | Offered knowledge of Sandblast by Vehumet.
 12332 | D:7      | Learned a level 1 spell: Sandblast
 13193 | D:8      | Found Camobue's General Store.
 13251 | D:8      | Noticed Joseph
 13258 | D:8      | Killed Joseph
 13319 | D:8      | Found a runed translucent door.
 13343 | D:8      | Found Erakiheh's General Store.
 13368 | D:8      | Reached skill level 5 in Dodging
 13506 | D:8      | Noticed bmj180's ghost (novice DrCj)
 13517 | D:8      | Identified the +1 trident "Killer Klown's Doom" {vorpal,
                  | rN+ Str+6 Stlth-}
 13760 | D:8      | Bought a scroll of noise for 13 gold pieces
 13760 | D:8      | Bought 2 potions of degeneration for 26 gold pieces
 13861 | D:8      | Learned a level 3 spell: Summon Guardian Golem
 14039 | D:8      | Found a shimmering blue altar of Sif Muna.
 14039 | D:8      | Found a basalt altar of Yredelemnul.
 14039 | D:8      | Found a sacrificial altar of Ru.
 14039 | D:8      | Found a broken altar of Ashenzari.
 14046 | D:8      | Found an opulent altar of Gozag.
 14046 | D:8      | Found an iron altar of Okawaru.
 14194 | D:8      | Found Yguuh's Book Shop.
 14323 | D:8      | Reached skill level 5 in Fire Magic
 14371 | D:8      | Reached skill level 5 in Stealth
 15495 | D:9      | Noticed a two-headed ogre
 15514 | D:8      | Killed a two-headed ogre
 15515 | D:8      | Reached skill level 7 in Spellcasting
 15836 | D:9      | Found Manumoy's Magic Scroll Shoppe.
 15906 | D:9      | Noticed a deep elf pyromancer
 15948 | D:9      | Found Boiczeat's Distillery.
 15989 | D:9      | Noticed a two-headed ogre
 16277 | D:9      | Noticed an elephant
 16296 | D:8      | Reached skill level 5 in Armour
 16461 | D:9      | Demolished by a two-headed ogre

Illustrated notes

Levels and vault maps discovered:
D:1:      heliophobic_arrival_dark_side_of_the_moon, layout_loops_ring,
          bh_walls_and_bars
D:2:      layout_basic, serial_shops, nicolae_square_shop,
          hellmonk_ecumenical_altar_prayer_group
D:3:      layout_basic, uniq_robin
D:4:      layout_loops_corners, grunt_ministairs_10, nicolae_stop_n_shop_1
D:5:      layout_loops_corners, minmay_temple_entry_large_hall,
          gammafunk_ghost_stat_death, serial_shops, nicolae_shop_behind_doors,
          amcnicky_mini_pool_medium
D:6:      layout_rooms, serial_glass, glass_columns_b, glass_columns_a,
          feat_on_display, feat_on_display, minmay_strange_pillars,
          feat_on_display, ebering_dispersal_statue_hall, uniq_edmund
D:7:      minmay_thinvault, layout_rooms, glass_columns_a, nrook_loot_triangle
D:8:      layout_gridville, minmay_overflow_temple_hex,
          ebering_ghost_funeral_grove, serial_shops, shop, shop,
          nicolae_stop_n_shop_2, chequers_avenue, grunt_ogre_cave, uniq_joseph
D:9:      minmay_cornered_nines, layout_irregular_city, david_lair_generic,
          serial_shops, nicolae_take_the_stairs, shop,
          nicolae_shop_overgrown_old_shop, nicolae_stop_n_shop_1, shop,
          minivault_25_ag, kennysheep_generic_room_10
Temple:   eino_temple_scatter_basement

Skill      XL: |  1  2  3  4  5  6  7  8  9 10 |
---------------+-------------------------------+-----
Slings         | 2 |  2.0
Dodging        | 2 3 4 5 |  5.5
Throwing       | 1 2 3 |  3.7
Stealth        | 1 2 3 4 5 |  5.5
Spellcasting   | 2 3 4 6 7 |  7.3
Armour         | 1 2 3 4 5 |  5.0
Hexes          | 4 5 6 |  6.0
Shields        | 1 2 4 |  4.8
Fire Magic     | 2 4 5 |  5.9
Fighting       | |  1.0

Action                   |  1- 3 |  4- 6 |  7- 9 | 10-12 || total
-------------------------+-------+-------+-------+-------++-------
Melee: Dagger            |     7 |   129 |    90 |       ||   226
       Touch             |       |    19 |    33 |    12 ||    64
       Mace              |       |       |   113 |   106 ||   219
       Unarmed           |       |       |    16 |       ||    16
       Scimitar          |       |       |       |    23 ||    23
       Hunting sling     |       |       |       |     1 ||     1
 Fire: Hunting sling     |   136 |   124 |   135 |   103 ||   498
Throw: Boomerang         |       |    37 |       |       ||    37
       Stone             |       |     7 |     8 |       ||    15
       Dart              |       |    17 |    45 |    31 ||    93
 Cast: Slow              |    11 |    16 |    38 |    27 ||    92
       Inner Flame       |       |       |    21 |    20 ||    41
       Cause Fear        |       |       |    10 |    12 ||    22
       Sandblast         |       |       |       |     7 ||     7
       Summon Guardian G |       |       |       |     7 ||     7
Evoke: Wand              |       |       |     3 |       ||     3
  Use: Potion            |     1 |     2 |     3 |       ||     6
       Scroll            |       |     1 |     9 |     2 ||    12
 Stab: Sleeping          |       |     1 |       |     1 ||     2
Armor: Robe              |     8 |    11 |       |       ||    19
       Leather armour    |       |    15 |   114 |    31 ||   160
Dodge: Dodged            |    34 |    88 |   199 |   101 ||   422
Block: Buckler           |       |       |       |    18 ||    18

Table legend: (Time is in decaauts)
 A = Elapsed time spent in this place.
 B = Non-inter-level travel time spent in this place.
 C = Inter-level travel time spent in this place.
 D = Time resting spent in this place.
 E = Time spent auto-exploring this place.
 F = Levels seen in this place.
 G = Mean time per level.
                   A        B        C        D        E       F      G
               +--------+--------+--------+--------+--------+-----+--------+
         Total |  16560 |  14694 |   1866 |   4471 |   6368 |  10 | 1656.0 |
       Dungeon |  16317 |  14513 |   1804 |   4471 |   6204 |   9 | 1813.0 |
        Temple |    243 |    182 |     61 |      0 |    164 |   1 |  243.0 |
               +--------+--------+--------+--------+--------+-----+--------+

Top non-repeatable levels by time:
     D:5: 3404 daAuts
     D:7: 2963 daAuts
     D:8: 2662 daAuts
     D:2: 1556 daAuts
     D:4: 1535 daAuts
     D:1: 1316 daAuts
     D:3: 1209 daAuts
     D:6: 1150 daAuts
     D:9: 519 daAuts
  Temple: 243 daAuts
